 Dungeon Crawl Stone Soup version 0.29.0-13-gc9e81de378 (webtiles) character file.

Game seed: 16293715493538449135

1237 gebbletook2 the Trooper (level 8, -2/67 HPs)
             Began as a Mummy Fighter on Sept 11, 2022.
             Slain by an iguana (10 damage)
             ... on level 5 of the Dungeon.
             The game lasted 00:04:51 (6349 turns).

gebbletook2 the Trooper (Mummy Fighter)             Turns: 6349, Time: 00:04:52

Health: -2/67      AC:  6    Str: 22    XL:     8   Next: 24%
Magic:  8/8        EV:  9    Int:  7    God:
Gold:   372        SH:  4    Dex: 11    Spells: 7/7 levels left

rFire   x . .      SeeInvis .   a - +0 war axe (venom)
rCold   + . .      Faith    .   c - +0 buckler
rNeg    + + +      Spirit   .   b - +0 scale mail
rPois   ∞          Reflect  .   (no helmet)
rElec   .          Harm     .   (no cloak)
rCorr   .          Rampage  .   (no gloves)
Will    +....                   (no boots)
Stlth   ..........              o - amulet of the acrobat
HPRegen 0.21/turn               (no ring)
MPRegen 0.11/turn               (no ring)

@: no status effects
A: cold resistance 1, negative energy resistance 3, torment resistance 2, heat
vulnerability 1, in touch with death 1, no potions
a: no special abilities


You were on level 5 of the Dungeon.
You visited 1 branch of the dungeon, and saw 5 of its levels.
You also visited: Sewer and Ossuary.

You collected 372 gold pieces.

Inventory:

Hand Weapons
 a - a +0 war axe of venom (weapon)
Missiles
 h - 25 poisoned darts (quivered)
 i - 6 curare-tipped darts
 n - a throwing net
Armour
 b - a +0 scale mail (worn)
 c - a +0 buckler (worn)
Jewellery
 o - an amulet of the acrobat (around neck)
Wands
 e - a wand of mindburst (29)
 j - a wand of flame (17)
Scrolls
 d - 2 scrolls of summoning
 f - a scroll of magic mapping
 g - 3 scrolls of teleportation
 l - 6 scrolls of enchant armour
 m - 2 scrolls of immolation
 q - 2 scrolls of blinking


   Skills:
 * Level 7.0 Fighting
 + Level 5.3 Axes
 * Level 1.2 Throwing
 - Level 2.4 Armour
 * Level 1.2 Dodging
 - Level 2.4 Shields
 * Level 2.8 Evocations


You had 7 spell levels left.
You didn't know any spells.
Your spell library contained the following spells:

 Spells                   Type           Power      Damage    Failure   Level
 Ensorcelled Hibernation  Hex/Ice        0%         N/A       94%         2
 Passwall                 Tmut/Erth      0%         N/A       94%         2
 Poisonous Vapours        Pois/Air       0%         N/A       94%         2
 Frozen Ramparts          Ice            0%         1d1       99%         3
 Ozocubu's Armour         Ice            0%         N/A       99%         3
 Swiftness                Air            0%         N/A       99%         3
 Corpse Rot               Necr/Pois/Air  0%         N/A       100%        4
 Summon Ice Beast         Ice/Summ       0%         N/A       100%        4
 Summon Lightning Spire   Summ/Air       0%         N/A       100%        4
 Metabolic Englaciation   Hex/Ice        0%         N/A       100%        5
 Simulacrum               Ice/Necr       0%         N/A       100%        6
 Maxwell's Capacitive Co  Air            0%         ∞         100%        8
 Ice Form                 Ice/Tmut       Unusable   N/A       N/A         4
 Storm Form               Tmut/Air       Unusable   N/A       N/A         7

Dungeon Overview and Level Annotations

Branches:
Dungeon (5/15)              Sewer (visited)         Ossuary (visited)
 Temple: D:4-7

Altars:
Ashenzari


Innate Abilities, Weirdness & Mutations

You are immune to poison.
Your flesh is cold resistant. (rC+)
You are immune to negative energy. (rN+++)
You are immune to unholy pain and torment.
You are vulnerable to heat. (rF-)
You are in touch with the powers of death.
You do not drink.


Message History

You hit the hornet.
The hornet is moderately wounded.
The hornet closely misses you. The hornet stings you!
A hornet is nearby!
You are too injured to fight recklessly!
You are too injured to fight recklessly!
A hornet is nearby!
You are too injured to fight recklessly!
You slash the hornet!
The hornet looks as sick as possible!
The hornet is severely wounded.
You block the hornet's attack. The hornet barely misses you.
You miss the hornet.
The hornet is almost dead.
You kill the hornet!
An iguana comes into view.
Your Fighting skill increases to level 7!
Your Throwing skill increases to level 1!
Your Dodging skill increases to level 1!
Unknown command.
The iguana hisses angrily.
Found a short sword.
You hit the iguana.
The iguana is poisoned.
The iguana is moderately wounded.
The iguana closely misses you.
You barely miss the iguana.
The iguana is moderately wounded.
You block the iguana's attack.
You hit the iguana but do no damage.
The iguana looks as sick as possible!
The iguana is moderately wounded.
The iguana bites you.
You hit the iguana but do no damage.
The iguana looks as sick as possible!
The iguana is moderately wounded.
The iguana bites you!
* * * LOW HITPOINT WARNING * * *
The iguana bites you!
* * * LOW HITPOINT WARNING * * *
You hit the iguana.
The iguana is heavily wounded.
The iguana bites you!
You die...

#.. #).### .#
#..... .# #.
###....##.## #..#
.......#..##...#
#.............#
#..l........#.#
#..@........#
####.........#
......##.....#
.......#......#
######.....###.###
##...## ... #..##
#.# #..# #.#
##.###..#


You could see an iguana (extremely poisoned).

Vanquished Creatures
  A hornet (D:5)
  4 kobold brigands (Sewer)
  4 scorpions
  A necrophage (D:3)
  A howler monkey (D:5)
  A human zombie (Ossuary)
  An orc priest (D:5)
  A hound (D:4)
  3 iguanas
  Ijyb (D:5)
  Jessica (D:3)
  An orc wizard (D:5)
  4 mummies (Ossuary)
  3 adders
  2 adder zombies (Ossuary)
  2 worms
  A dart slug (D:4)
  4 orcs
  6 ball pythons
  10 bats
  7 endoplasms
  5 giant cockroaches
  4 goblins
  9 hobgoblins
  7 jackals
  3 quokkas
  4 frilled lizards
  A gnoll zombie (Ossuary)
  A goblin zombie (Ossuary)
  2 hobgoblin zombies (Ossuary)
  3 jackal zombies (Ossuary)
  8 kobolds
  A kobold zombie (Ossuary)
  An orc zombie (Ossuary)
  8 rats
116 creatures vanquished.

Vanquished Creatures (others)
  6 plants (Sewer)
6 creatures vanquished.

Grand Total: 122 creatures vanquished

Notes
Turn   | Place    | Note
-------+----------+-------------------------------------------
     0 | D:1      | gebbletook2 the Mummy Fighter began the quest for the Orb.
     0 | D:1      | Reached XP level 1. HP: 18/18 MP: 1/1
   166 | D:1      | Reached XP level 2. HP: 24/24 MP: 2/2
   911 | D:2      | Reached skill level 4 in Fighting
   911 | D:2      | Gained mutation: You are in touch with the powers of death.
                  | [Mummy growth]
   911 | D:2      | Reached XP level 3. HP: 28/30 MP: 3/3
  1832 | D:3      | Noticed Jessica
  1833 | D:3      | Noticed a scorpion
  1842 | D:3      | Killed Jessica
  1843 | D:3      | Reached XP level 4. HP: 25/38 MP: 4/4
  1851 | D:3      | Killed a scorpion
  1852 | D:3      | Reached skill level 5 in Fighting
  1852 | D:3      | Reached skill level 1 in Evocations
  1852 | D:3      | Reached XP level 5. HP: 29/44 MP: 5/5
  2152 | D:3      | Found a glowing drain.
  2178 | Sewer    | Entered a sewer
  2210 | Sewer    | Reached XP level 6. HP: 6/51 MP: 6/6
  2824 | Sewer    | Reached XP level 7. HP: 26/57 MP: 7/7
  3103 | D:3      | Found a faded altar of an unknown god.
  3216 | D:3      | Found a broken altar of Ashenzari.
  3427 | D:4      | Reached skill level 6 in Fighting
  4808 | D:5      | Entered Level 5 of the Dungeon
  4812 | D:5      | Found a sand-covered staircase.
  4822 | Ossuary  | Entered an ossuary
  5275 | D:5      | Noticed Ijyb
  5287 | D:5      | Killed Ijyb
  6000 | D:5      | Reached skill level 5 in Axes
  6199 | D:5      | Reached XP level 8. HP: 65/65 MP: 8/8
  6334 | D:5      | Noticed a hornet
  6341 | D:5      | Killed a hornet
  6342 | D:5      | Reached skill level 7 in Fighting
  6342 | D:5      | Reached skill level 1 in Throwing
  6342 | D:5      | Reached skill level 1 in Dodging
  6349 | D:5      | Slain by an iguana

Illustrated notes

Levels and vault maps discovered:
D:1:      lightli_arrival_statuegarden, layout_basic
D:2:      layout_loops_ring
D:3:      layout_basic, lemuel_doored_altar,
          hellmonk_ecumenical_altar_heavens_door, cheibrodos_sewer_entry_bend,
          uniq_jessica
D:4:      layout_layer_cave, nicolae_overflow_hidden_temple,
          minmay_misc_feat_alley, minmay_misc_feat_five, minmay_distorted
D:5:      layout_layer_cave, mainiacjoe_overflow_alcove_4,
          minmay_temple_entry_enclosed_plants, nicolae_ossuary_entry_ruins,
          kennysheep_minor_cross, chequers_decorated_corner, uniq_ijyb

Skill      XL: |  1  2  3  4  5  6  7  8 |
---------------+-------------------------+-----
Fighting       | 4 5 6 7 |  7.0
Axes           | 2 3 4 5 |  5.3
Evocations     | 1 2 |  2.8
Throwing       | 1 |  1.2
Dodging        | 1 |  1.2
Armour         | |  2.4
Shields        | |  2.4

Action                   |  1- 3 |  4- 6 |  7- 9 || total
-------------------------+-------+-------+-------++-------
Melee: War axe           |   119 |   117 |   124 ||   360
Evoke: Wand              |       |       |     1 ||     1
  Use: Scroll            |     1 |     2 |     6 ||     9
Armor: Scale mail        |    81 |    71 |    51 ||   203
Dodge: Dodged            |    94 |    64 |    59 ||   217
Block: Buckler           |    27 |    32 |    23 ||    82
